 Dungeon Crawl Stone Soup version 0.25-a0-731-g0472a16 (webtiles) character file.

Game seed: 9855945747053474645, levelgen mode: deterministic

112 BlueFish the Magician (level 4, -2/32 HPs)
             Began as a Mummy Wizard on Apr 8, 2020.
             Killed from afar by a dart slug (3 damage)
             ... with a slug dart
             ... on level 2 of the Dungeon.
             The game lasted 00:07:29 (3237 turns).

BlueFish the Magician (Mummy Wizard)                Turns: 3237, Time: 00:07:29

Health: -2/32      AC:  2    Str: 10    XL:     4   Next: 64%
Magic:  3/11       EV: 12    Int: 18    God:
Gold:   126        SH:  0    Dex: 10    Spells: 3/13 levels left

rFire    x . .     SeeInvis .   h - +0 quarterstaff
rCold    + . .     Gourm    .   (shield currently unavailable)
rNeg     + + +     Faith    +   a - +0 robe
rPois    ∞         Spirit   .   b - +0 hat
rElec    .         Reflect  .   (no cloak)
rCorr    .         Harm     .   (no gloves)
MR       .....                  (no boots)
Stlth    ++........             e - amulet of faith
HPRegen  0.10/turn              (no ring)
MPRegen  0.12/turn              (no ring)

@: no status effects
A: no food or potions, fire vulnerability, cold resistance 1, negative energy
resistance 3, torment resistance, unbreathing
a: no special abilities


You were on level 2 of the Dungeon.
You were not hungry.

You visited 1 branch of the dungeon, and saw 2 of its levels.

You collected 126 gold pieces.

Inventory:

Hand Weapons
 h - a +0 quarterstaff (weapon)
Armour
 a - a +0 robe (worn)
 b - a +0 hat (worn)
Jewellery
 e - an amulet of faith (around neck)
Scrolls
 c - 3 scrolls of enchant armour {unknown}
 d - a scroll of noise {unknown}
 f - 2 scrolls of remove curse {unknown}
 g - 4 scrolls of identify {unknown}
 i - a scroll of random uselessness {unknown}


   Skills:
 * Level 1.3 Fighting
   Level 0.5(0.6) Polearms
 + Level 0.1(0.3) Staves
 * Level 1.9 Dodging
 * Level 2.0 Stealth
 * Level 5.4 Spellcasting
 + Level 1.3 Conjurations
 + Level 0.8 Summonings
 + Level 0.7 Translocations


You had 3 spell levels left.
You knew the following spells:

 Your Spells              Type           Power        Failure   Level  Hunger
a - Magic Dart            Conj           #...         7%          1    N/A
b - Blink                 Tloc           N/A          14%         2    N/A
c - Call Imp              Summ           #.......     14%         2    N/A
d - Slow                  Hex            #.......     19%         2    N/A
e - Mephitic Cloud        Conj/Pois/Air  #.......     32%         3    N/A

Your spell library contained the following spells:

 Spells                   Type           Power        Failure   Level  Hunger
 Conjure Flame            Conj/Fire      #.......     28%         3    N/A

Dungeon Overview and Level Annotations

Branches:
Dungeon (2/15)

Altars:


Innate Abilities, Weirdness & Mutations

You do not eat or drink.
Your flesh is vulnerable to fire.
You are immune to poison.
Your flesh is cold resistant. (rC+)
You are immune to negative energy. (rN+++)
You are immune to unholy pain and torment.
You can survive without breathing.


Message History

g - Guard the area. f - Follow me.
Anything else - Cancel.
Gang up on whom?
Press: ? - help, Dir - move target cursor, f - dart slug
Aim: a dart slug Attack!
Your crimson imp blinks! x2
Items here: ! $ )) a +0 dagger; a murky grey potion; 5 gold pieces; a +0 club The dart slug launches a dart at you.
The slug dart hits you.
* * * LOW HITPOINT WARNING * * *
You hit the dart slug but do no damage.
Your crimson imp hits the dart slug.
The dart slug bites you.
* * * LOW HITPOINT WARNING * * *
Your crimson imp blinks!
Your crimson imp blinks!
The dart slug launches a dart at you. The slug dart hits you.
You die...

##### #...#
#############################.#.#
....)...........†5!.§..........>#
............5w..@.....######.##.#
#####################..# #.##.#
##†# #.##.# #.# #.##.# #.##
#....# #####..## #.#### #....†..#
#.#### #.......# #.#... #.......#
#.#.#.


You could see a dart slug and 2 friendly crimson imps.

Vanquished Creatures
  2 adders (D:2)
  2 oozes
  2 dart slugs
  2 worms (D:2)
  2 leopard geckos
  A ball python (D:1)
  3 giant cockroaches
  A hobgoblin (D:1)
  6 jackals (D:2)
  11 kobolds
  3 bats
  A frilled lizard (D:1)
  7 goblins
  6 rats
49 creatures vanquished.

Vanquished Creatures (collateral kills)
  3 adders (D:1)
  An ooze (D:2)
  3 goblins (D:2)
  A kobold (D:1)
8 creatures vanquished.

Grand Total: 57 creatures vanquished

Notes
Turn   | Place    | Note
-------+----------+-------------------------------------------
     0 | D:1      | BlueFish the Mummy Wizard began the quest for the Orb.
     0 | D:1      | Reached XP level 1. HP: 13/13 MP: 5/5
   508 | D:1      | Reached skill level 1 in Conjurations
   591 | D:1      | Reached skill level 1 in Fighting
   596 | D:1      | Reached XP level 2. HP: 21/21 MP: 1/7
   600 | D:1      | Learned a level 2 spell: Blink
  1396 | D:1      | Reached XP level 3. HP: 25/26 MP: 0/9
  1400 | D:1      | Learned a level 2 spell: Slow
  1403 | D:1      | Learned a level 2 spell: Call Imp
  1407 | D:1      | Learned a level 3 spell: Mephitic Cloud
  2298 | D:2      | Reached skill level 5 in Spellcasting
  2411 | D:2      | Reached XP level 4. HP: 32/32 MP: 4/11
  3235 | D:2      | HP: 1/32 [dart slug (3)]
  3237 | D:2      | Killed from afar by a dart slug

Levels and vault maps discovered:
D:1:      dpeg_cavernosity, layout_basic
D:2:      layout_basic, first_ration, minmay_box_of_dots

Skill      XL: |  1  2  3  4 |
---------------+-------------+-----
Conjurations   | 1 |  1.3
Fighting       | 1 |  1.3
Spellcasting   | 5 |  5.4
Stealth        | 2 |  2.0
Polearms       | |  0.5
Staves         | |  0.1
Dodging        | |  1.9
Summonings     | |  0.8
Translocations | |  0.7

Action                   |  1- 3 |  4- 6 || total
-------------------------+-------+-------++-------
Melee: Spear             |    45 |     9 ||    54
       Quarterstaff      |       |    42 ||    42
 Cast: Magic Dart        |    71 |    37 ||   108
       Call Imp          |     3 |     7 ||    10
       Blink             |     1 |       ||     1
Armor: Robe              |    17 |    18 ||    35
Dodge: Dodged            |    43 |    42 ||    85

Table legend:
 A = Non-vault XP
 B = Vault XP
 C = Vault XP percentage of total XP
 D = Non-vault monster count
 E = Vault monster count
 F = Vault count percentage of total count
                 A         B        C        D         E       F
            +---------+---------+-------+---------+---------+-------
      Total |     151 |      10 |   6.2 |      51 |       6 |  10.5
            +---------+---------+-------+---------+---------+-------
        D:1 |      64 |       8 |  11.1 |      23 |       4 |  14.8
        D:2 |      87 |       2 |   2.2 |      28 |       2 |   6.7
            +---------+---------+-------+---------+---------+-------
